 Dungeon Crawl Stone Soup version 0.14-a0-1739-g6c2808e (webtiles) character file.

252 Mitsuki the Cudgeler (level 4, -2/39 HPs)
             Began as a Hill Orc Fighter on Jan 3, 2014.
             Slain by a troll skeleton (8 damage)
             ... on Level 3 of the Dungeon.
             The game lasted 00:05:50 (1514 turns).

Mitsuki the Cudgeler (Hill Orc Fighter)             Turns: 1514, Time: 00:05:50

HP  -2/39        AC  9     Str 19      XL: 4   Next: 44%
MP   4/4         EV  6     Int  8      God:
Gold 169         SH 19     Dex 10      Spells:  0 memorised,  3 levels left

rFire  . . .     SeeInvis .     a - +0 orc mace
rCold  . . .     Clarity  .     b - +0 orc scale mail
rNeg   . . .     Conserve .     c - +0 orc shield
rPois  .         rCorr    .     (no helmet)
rElec  .         rRot     .     m - +0 cloak
SustAb . .       Spirit   .     u - +0 pair of gloves
rMut   .         Warding  .     (no boots)
Saprov + . .     Stasis   .     (no amulet)
                                (no ring)
                                (no ring)

@: slightly resistant to hostile enchantments, extremely unstealthy
A: saprovore 1
a: no special abilities


You were on level 3 of the Dungeon.
You were not hungry.

You visited 1 branch of the dungeon, and saw 3 of its levels.

You collected 169 gold pieces.

Inventory:

Hand weapons
 a - a +0,+0 orcish mace (weapon)
Armour
 b - a +0 orcish scale mail (worn)
 c - a +0 orcish shield (worn)
 m - a +0 cloak (worn)
 u - a +0 pair of gloves (worn)
Comestibles
 d - 2 meat rations
 l - an apple
 n - a pear
 o - a chunk of rat flesh
 q - a chunk of giant newt flesh
 r - 2 bread rations
 z - a honeycomb
 B - 3 chunks of orc flesh
Scrolls
 e - 2 scrolls of enchant weapon II {unknown}
 f - a scroll of identify
 g - 3 scrolls of remove curse {unknown}
 i - a scroll of curse armour {unknown}
 p - 2 scrolls of immolation
 x - a scroll of noise {unknown}
Jewellery
 h - a +5 ring of evasion {unknown}
Potions
 j - a potion of magic {unknown}
 k - a potion of cure mutation {unknown}
 t - 2 potions of heal wounds {unknown}
 v - a potion of curing {unknown}
 w - a potion of paralysis {unknown}
 A - a potion of restore abilities {unknown}


   Skills:
 - Level 3.6 Fighting
 + Level 5.0 Maces & Flails
 - Level 3.2 Armour
 - Level 3.2 Shields


You had 3 spell levels left.
You didn't know any spells.

Dungeon Overview and Level Annotations

Branches:
Dungeon (3/16)

Altars:
Vehumet


Innate Abilities, Weirdness & Mutations

You can tolerate rotten meat.


Message History

This raw flesh tastes unpleasant.
You continue eating.
The rat bites you.
You hit the rat.
You kill the rat!
You completely miss the troll skeleton. The troll skeleton bites you.
The troll skeleton claws you.
You hit the troll skeleton. The troll skeleton bites you!
The troll skeleton barely misses you.
The troll skeleton claws you but does no damage.
You hit the troll skeleton. The troll skeleton bites you.
The troll skeleton claws you.
* * * LOW HITPOINT WARNING * * *
You block the troll skeleton's attack.
You hit the troll skeleton.
The troll skeleton bites you but does no damage.
The troll skeleton claws you.
* * * LOW HITPOINT WARNING * * *
The troll skeleton claws you!
You die...

##.####..#.#######
.................#
###....##..#.<.#
.#......##..#.(%#
(...%....#..#.###
.........#>)#%##
.r..............##
###...#Z.....###
###.....%@....(....
................####
.###.######...###
... ....... ##.
.......# # .......$
....... ...## ?


You could see a troll skeleton.

Vanquished Creatures
  An adder (D:2)
  6 giant geckos
  3 orcs (D:3)
  A ball python (D:2)
  8 bats
  7 goblins
  8 hobgoblins
  5 giant newts
  6 jackals
  7 kobolds
  10 rats
62 creatures vanquished.

Notes
Turn   | Place    | Note
--------------------------------------------------------------
     0 | D:1      | Mitsuki, the Hill Orc Fighter, began the quest for the Orb.
     0 | D:1      | Reached XP level 1. HP: 19/19 MP: 1/1
   183 | D:1      | Reached XP level 2. HP: 26/26 MP: 2/2
   583 | D:1      | Reached XP level 3. HP: 31/31 MP: 3/3
   877 | D:2      | Reached skill level 4 in Maces & Flails
  1061 | D:2      | Reached XP level 4. HP: 35/39 MP: 4/4
  1216 | D:2      | Found a radiant altar of Vehumet.
  1469 | D:3      | Reached skill level 5 in Maces & Flails
  1514 | D:3      | Slain by a troll skeleton

Action                   |  1- 3 |  4- 6 || total
-------------------------+-------+-------++-------
Melee: Mace              |   115 |    67 ||   182
  Use: Scroll            |     6 |       ||     6
